 Dungeon Crawl Stone Soup version bcrawl-1.39.1 (webtiles) character file.

Game seed: 14924251159023455673

10988571 Finalfun the Warrior (level 18, -10/218 HPs)
             Began as an Ent Sloth Apostle on Sept 21, 2023.
             Was the Champion of Cheibriados.
             Mangled by yrara's ghost (43 damage)
             ... on level 2 of the Vaults.
             The game lasted 01:56:08 (25760 turns).

Finalfun the Warrior (Ent Sloth Apostle)           Turns: 25760, Time: 01:56:08

Health: -10/218    AC: 31    Str: 44    XL:     18   Next: 42%
Magic:  25/25      EV: 36    Int: 33    God:    Cheibriados [******]
Gold:   2666       SH: 19    Dex: 34    Spells: 18/19 levels left

rFire    . . .     GDR:     46% f - +1 morningstar (flame)
rCold    . . .     SeeInvis +   W - +1 medium shield {reflect}
rNeg     + + +     Gourm    .   (armour unavailable)
rPois    +         Faith    .   h - +1 hat {Int+3}
rElec    .         Spirit   .   a - +2 ratskin cloak {+Rats rN+}
rCorr    .         Reflect  +   (gloves unavailable)
MR       +....     Clarity  +   (boots unavailable)
Stlth    +++++.....             T - amulet of regeneration
HPRegen  1.21/turn              z - ring of see invisible
MPRegen  0.19/turn              x - ring "Meistriqa" {+Fly AC+2 Str+3 Dex+5}

@: agile, flying, very slow
A: large, slow actions, passwall, strong branches, negative energy resistance 3,
poison resistance, slow metabolism 1, torment resistance, unbreathing, AC +25
}: 1/15 runes: decaying
a: Passwall, Bend Time, Defer, Temporal Distortion, Step From Time, Renounce
Religion, Evoke Ratskin, Stop Flying


You were on level 2 of the Vaults.
You worshipped Cheibriados.
Cheibriados was exalted by your worship.
You were hungry.

You visited 5 branches of the dungeon, and saw 24 of its levels.
You also visited: Ossuary.

You collected 3144 gold pieces.
You spent 478 gold pieces at shops.

Inventory:

Hand Weapons
 f - a +1 morningstar of flaming (weapon)
 p - a +4 flail of protection
 w - the +6 scimitar of Flaming Death {sticky flame, rF++ rC- MR+}
   (You found it on level 4 of the Dungeon)

   It has been specially enchanted to surge with flame as it hits, increasing
   damage dealt by approximately one third against foes not resistant or
   susceptible to fire.
   Its heat also prevents any hydra heads it cuts off from regrowing.
   It greatly protects you from fire.
   It makes you vulnerable to cold.
   It affects your resistance to hostile enchantments.
Missiles
 o - 36 javelins (quivered)
 U - a throwing net {=f}
Armour
 a - the +2 ratskin cloak (worn) {+Rats rN+}
   (You found it on level 8 of the Dungeon)

   It protects you from negative energy.
 h - a +1 hat of intelligence (worn)
 W - a +1 medium shield of reflection (worn)
Jewellery
 x - the ring "Meistriqa" (right hand) {+Fly AC+2 Str+3 Dex+5}
   (You found it on level 5 of the Dungeon)

   [ring of protection]

   It affects your AC (+2).
   It affects your strength (+3).
   It affects your dexterity (+5).
   It lets you fly.
 y - an uncursed ring of resist corrosion
 z - a ring of see invisible (left hand)
 A - an uncursed ring of protection from cold
 C - a +5 ring of strength
 F - a +5 ring of intelligence
 T - an amulet of regeneration (around neck)
Wands
 b - a wand of digging (19)
 c - a wand of paralysis (10)
 n - a wand of charming (15)
 t - a wand of scattershot (5)
 H - a wand of clouds (6)
 M - a wand of polymorph (19)
 Q - a wand of iceblast (10)
 R - a wand of disintegration (16)
 S - a wand of acid (8)
Scrolls
 d - 13 scrolls of remove curse
 g - 6 scrolls of revelation
 q - 3 scrolls of vulnerability
 s - 3 scrolls of teleportation
 v - 3 scrolls of immolation
 D - 6 scrolls of enchant armour
 E - 2 scrolls of torment
 I - 5 scrolls of fog
 J - 3 scrolls of fear
 K - 6 scrolls of amnesia
 O - a scroll of silence
 Y - a scroll of summoning
Potions
 j - 4 potions of mutation
 k - 5 potions of flight
 l - 9 potions of curing
 m - 3 potions of agility
 r - 4 potions of ambrosia
 u - 2 potions of brilliance
 G - 2 potions of cancellation
 L - 3 potions of might
 N - 4 potions of resistance
 P - a potion of invisibility
Miscellaneous
 i - a sack of spiders (inert)
 B - a phial of floods (inert)
 V - a lamp of fire (inert)
Comestibles
 e - 42 rations {!d}


   Skills:
 + Level 17.8 Fighting
 - Level 16.0 Maces & Flails
 - Level 15.0 Dodging
 - Level 4.0 Stealth
 - Level 15.0 Shields
 - Level 1.2 Spellcasting
 - Level 2.0 Hexes
 - Level 10.0 Invocations
 - Level 5.0 Evocations


You had 18 spell levels left.
You knew the following spells:

 Your Spells              Type           Power        Failure   Level  Hunger
a - Slow                  Hex            ###.....     7%          1    None

Your spell library contained the following spells:

 Spells                   Type           Power        Failure   Level  Hunger
 Corona                   Hex            ###....      7%          1    None
 Shackle                  Hex            ###.....     11%         2    ###....
 Magic Dart               Conj           #...         16%         1    None
 Necrotize                Necr           #.....       16%         1    None
 Sandblast                Erth           #.....       16%         1    None
 Ensorcelled Hibernation  Hex/Ice        #.....       16%         2    ###....
 Confuse                  Hex            ###.....     21%         3    #####..
 Tukima's Dance           Hex            ###.....     21%         3    #####..
 Blink                    Tloc           N/A          24%         2    ###....
 Call Imp                 Summ           #.....       24%         2    ###....
 Shock                    Conj/Air       #......      24%         2    ###....
 Swiftness                Chrm/Air       #.......     24%         2    ###....
 Dazzling Orbs            Conj/Hex       #......      30%         3    #####..
 False Image              Hex/Summ       #.......     30%         3    #####..
 Inner Flame              Hex/Fire       N/A          30%         3    #####..
 Conjure Flame            Conj/Fire      #.......     43%         3    #####..
 Mephitic Cloud           Conj/Pois/Air  #.......     43%         3    #####..
 Vampiric Draining        Necr           #.........   43%         3    #####..
 Cause Fear               Hex            ###.......   56%         4    ######.
 Fulminant Prism          Conj/Hex       #.........   71%         4    ######.
 Yara's Violent Unravell  Hex/Tmut       #.........   71%         4    ######.
 Agony                    Necr           #.......     83%         4    ######.
 Airstrike                Air            #.........   83%         4    ######.
 Animate Dead             Necr           N/A          83%         4    ######.
 Bolt of Magma            Conj/Fire/Erth #.........   99%         5    #######
 Dispel Undead            Necr           #.......     99%         5    #######
 Steam Barrier            Chrm/Fire      #.........   99%         5    #######
 Bolt of Fire             Conj/Fire      #.........   100%        6    #######
 Borgnjor's Vile Clutch   Necr/Erth      #.........   100%        6    #######
 Conjure Ball Lightning   Conj/Air       #.........   100%        6    #######
 Darkness                 Hex            ###.......   100%        6    #######
 Infestation              Hex/Tmut/Pois  #........    100%        6    #######
 Iron Shot                Conj/Erth      #.........   100%        6    #######
 Virulence                Hex/Pois       #.......     100%        6    #######
 Icicle Burst             Conj/Ice       #.........   100%        7    #######
 Orb of Destruction       Conj           #.........   100%        7    #######
 Shadow Creatures         Summ           N/A          100%        7    #######
 Spellforged Servitor     Conj/Summ      #.........   100%        7    #######
 Ignition                 Fire           #.........   100%        8    #######
 Time Stop                Chrm/Tloc      N/A          100%        8    #######
 Tornado                  Tloc/Air       #.........   100%        8    #######
 Dragon's Call            Summ           #.........   100%        9    #######
 Fire Storm               Conj/Fire      #.........   100%        9    #######
 Shatter                  Erth           #.........   100%        9    #######
 Passwall                 Tmut/Erth      Unusable     N/A         2    N/A
 Spider Form              Tmut/Pois      Unusable     N/A         3    N/A
 Statue Form              Tmut/Erth      Unusable     N/A         6    N/A
 Dragon Form              Tmut           Unusable     N/A         7    N/A

Dungeon Overview and Level Annotations

Branches:
Dungeon (12/12)            Temple (0/1) D:4            Lair (6/6) D:7
  Swamp (3/3) Lair:2       Shoals (0/3) Lair:4        Slime (0/5) Orc
    Orc (1/1) D:10            Elf (0/3) Lair:5       Vaults (2/3) D:11
  Crypt (0/2) Vaults:2     Depths (0/5) D:12

Altars:
Ashenzari
Dithmenos
Elyvilon
Fedhas
Hepliaklqana
Sif Muna
Trog
Yredelemnul
Jiyva

Shops:
D:12 !   Orc (}((%   Vaults:1 *   Vaults:2 [

Annotations:
D:5 1 runed translucent door
D:7 1 runed door
Swamp:3 exclusion: oklob plant
Vaults:2 yrara's ghost, adept DsFi


Innate Abilities, Weirdness & Mutations

You move and act slowly.
You can pass through walls and trees.
Your branches can wield two-handed weapons with a shield.
Your thick bark is tough. (AC +25)
You are too large for most types of armour.
You are immune to negative energy. (rN+++)
Your system is resistant to poisons. (rPois)
You have a slow metabolism.
You are immune to unholy pain and torment.
You can survive without breathing.


Message History

You puncture yrara's ghost!
Yrara's ghost is severely damaged.
You block yrara's ghost's attack. x2
You hit yrara's ghost but do no damage.
Yrara's ghost is severely damaged.
You block yrara's ghost's attack.
You closely miss yrara's ghost.
Yrara's ghost is severely damaged.
Yrara's ghost misses you.
You impale yrara's ghost!!
Yrara's ghost is almost destroyed.
Yrara's ghost hits you!!
* * * LOW HITPOINT WARNING * * *
You miss yrara's ghost.
Yrara's ghost is almost destroyed.
You block yrara's ghost's attack.
You hit yrara's ghost but do no damage.
Yrara's ghost is almost destroyed.
Yrara's ghost hits you!!!
You die...

......#........................#.
......#......................(.#.
......#...........)............#.
......#...........).)..........#.
......#))...........)########'##.
##'####.)............#.........##
......[))....##'####.#.........##
......)......#.....#.#.........).
.............#..@..#.#.........#.
.............###W###.#.........#.
.............#..≈..#.#.........#.
.########....#..≈..#.############
.#......#....#..≈..#.............
.#......#....#..≈..#....#########
.#......#....#.}}:.#(...#........
.#......'....#.....#....#........
.#......#....#######....#........


You could see yrara's ghost.

Vanquished Creatures
  Margery (Vaults:2)
  A bone dragon (Swamp:3)
  A tentacled monstrosity (Swamp:2)
  A sphinx (Vaults:2)
  Kirke (D:11)
  A thorn hunter (Swamp:3)
  Donald (Orc)
  A ghoul (Swamp:3)
  Roxanne (Swamp:3)
  A deep elf sorcerer (Vaults:1)
  A fire giant (Vaults:2)
  An orc warlord (Vaults:2)
  4 vault wardens
  An emperor scorpion (D:12)
  A stone giant (Vaults:2)
  2 very ugly things (Vaults:1)
  9 ironheart preservers
  A vampire knight (Swamp:3)
  The ghost of Vufrucs the Grappler, a journeyman DrTm of Wu Jian (Lair:4)
  6 dire elephants
  Josephine (Orc)
  3 quicksilver dragon zombies (Swamp:3)
  Urug (D:11)
  Harold (D:11)
  2 fire dragons
  14 hydras
  3 vault guards
  An ice dragon (Lair:6)
  2 shambling mangroves (Swamp:3)
  2 yaktaur captains
  4 ogre magi (Vaults:1)
  A great orb of eyes (Vaults:2)
  5 ghost crabs
  A shadow wraith (Vaults:2)
  Psyche (D:9)
  An anaconda (Swamp:1)
  15 two-headed ogres
  2 death knights (Vaults:2)
  A satyr (shapeshifter) (Vaults:1)
  8 alligators
  The ghost of yrara the Cleaver, a novice DsFi of Gozag (D:9)
  9 death yaks
  2 ironheart beastmasters (Vaults:1)
  A storm dragon zombie (Vaults:2)
  3 deep elf knights (Vaults:2)
  13 centaur warriors
  A deep troll (D:12)
  4 skeletal warriors (D:12)
  5 swamp dragons
  4 hell knights (Vaults:2)
  2 lindwurms (Lair:6)
  6 spectral hydras (Swamp:3)
  2 glowing orange brains
  3 spriggan druids
  3 anaconda zombies (Swamp:3)
  3 flayed ghosts
  A phantasmal warrior (Vaults:2)
  10 wizards
  A shadow dragon zombie (Vaults:2)
  A cyclops (D:8)
  An ironheart convoker (Vaults:1)
  2 deep elf archers
  Pikel (D:5)
  8 orc knights (Orc)
  2 necromancers (Vaults:2)
  7 deep elf magi
  A fire giant zombie (Vaults:2)
  2 wolf spiders
  20 ugly things
  A stone giant zombie (Vaults:2)
  5 manticores
  8 elephants
  A moth of wrath (D:9)
  A human skeleton (Vaults:2)
  The ghost of Burana the Sneak, a novice VSRg (D:5)
  Joseph (D:8)
  7 vault sentinels
  13 black mambas
  6 will-o'-wisps (Swamp:3)
  7 torpor snails
  A gargoyle (D:12)
  7 cane toads
  A yaktaur (shapeshifter) (Vaults:1)
  A rime drake (Lair:5)
  6 komodo dragons
  An efreet (D:8)
  13 yaktaurs
  An eye of draining (D:9)
  6 freezing wraiths
  2 tengu conjurers (Vaults:2)
  9 polar bears (Lair:6)
  A meliai (D:9)
  A harpy zombie (D:12)
  4 trolls
  Maurice (D:11)
  14 hornets
  3 hydra zombies (Swamp:3)
  A merfolk (D:9)
  10 tyrant leeches
  A sphinx simulacrum (Vaults:1)
  11 blink frogs
  A hydra skeleton (Swamp:3)
  A meliai zombie (D:10)
  6 bog bodies
  A raiju (Lair:6)
  26 slime creatures
  7 hippogriffs
  5 dream sheep (Lair:6)
  A shadow (D:12)
  A yak (shapeshifter) (D:12)
  Sigmund (D:5)
  5 wraiths (Orc)
  3 spriggans
  18 yaks
  A hog (D:11)
  2 basilisks
  A hungry ghost (D:12)
  2 vampire mosquitoes (Swamp:2)
  13 wargs
  14 swamp worms
  Duvessa (D:7)
  8 crocodiles
  16 hell hounds (Lair:6)
  An acid dragon (D:9)
  13 water moccasins
  2 porcupines
  14 black bears
  31 orc warriors
  An ice beast (D:9)
  2 phantoms
  4 sky beasts
  2 hornet zombies (D:11)
  8 swamp drakes
  2 necrophages (D:10)
  An ettin simulacrum (Vaults:2)
  16 wolves
  18 ogres
  10 boggarts
  8 bullfrogs
  2 elf zombies (Ossuary)
  A kobold brigand (D:12)
  5 centaurs
  5 scorpions
  3 wyvern skeletons (D:9)
  Dowan (D:7)
  13 killer bees (D:9)
  10 wights
  6 howler monkeys
  An electric eel (Lair:5)
  15 orc priests
  4 crimson imps
  A bullfrog zombie (D:7)
  5 hounds
  A jelly (D:5)
  20 orc wizards
  4 bullfrog skeletons
  A human zombie (Ossuary)
  2 iguanas
  Terence (D:2)
  9 worker ants
  A hound skeleton (D:5)
  2 mummies (Ossuary)
  A worker ant zombie (D:9)
  2 centaur zombies (Ossuary)
  12 adders
  An ooze (D:3)
  3 adder zombies
  3 worms
  3 leopard geckos
  100 orcs
  4 ball pythons
  4 bats
  A bat zombie (D:7)
  9 giant cockroaches
  3 goblins
  10 hobgoblins
  3 jackals (D:2)
  4 quokkas
  6 frilled lizards
  12 hobgoblin zombies (Ossuary)
  A jackal skeleton (D:4)
  13 kobolds
  7 kobold zombies (Ossuary)
  10 orc zombies (Ossuary)
  A quokka zombie (D:5)
  5 rats
  2 rat zombies
  A plant (Lair:6)
972 creatures vanquished.

Vanquished Creatures (collateral kills)
  A necromancer (Vaults:2)
1 creature vanquished.

Vanquished Creatures (others)
  Sonja (Lair:1)
  2 centaur warriors (Vaults:2)
  4 yaktaurs
  A tyrant leech (Swamp:3)
  A spriggan (Swamp:3)
  2 humans (D:11)
  2 slaves (D:6)
  A swamp drake (Swamp:2)
  A boggart (Swamp:2)
  A centaur (D:8)
  An orc wizard (Vaults:2)
  A worker ant zombie (D:6)
  5 orcs
  A kobold (D:12)
  A quokka (D:4)
  A ball python (Swamp:2)
  7 briar patches (Swamp:3)
  4 fungi
  42 plants
79 creatures vanquished.

Grand Total: 1052 creatures vanquished

Notes
Turn   | Place    | Note
-------+----------+-------------------------------------------
     0 | D:1      | Finalfun the Ent Sloth Apostle began the quest for the Orb.
     0 | D:1      | Reached XP level 1. HP: 22/22 MP: 2/2
   240 | D:1      | Reached XP level 2. HP: 29/30 MP: 3/3
   465 | D:2      | Found a basalt altar of Yredelemnul.
   484 | D:2      | Found a faded altar of an unknown god.
   516 | D:2      | Reached * piety under Cheibriados
   598 | D:2      | Reached XP level 3. HP: 37/37 MP: 4/4
   662 | D:2      | Noticed Terence
   676 | D:2      | Killed Terence
   677 | D:2      | Reached skill level 3 in Fighting
   691 | D:2      | Reached XP level 4. HP: 41/49 MP: 5/5
   775 | D:2      | Reached ** piety under Cheibriados
  1136 | D:2      | Reached skill level 4 in Fighting
  1354 | D:3      | Reached skill level 1 in Dodging
  1487 | D:3      | Reached XP level 5. HP: 58/58 MP: 6/6
  1508 | D:3      | Reached *** piety under Cheibriados
  1520 | D:3      | Got a sparkling ruby amulet
  1630 | D:3      | Identified the amulet "Ronocs" {Inacc +Fly} (You found it
                  | on level 3 of the Dungeon)
  1722 | D:3      | Reached XP level 6. HP: 62/67 MP: 7/7
  1893 | D:4      | Reached skill level 1 in Invocations
  2011 | D:4      | Found a white marble altar of Elyvilon.
  2225 | D:4      | Found the +6 scimitar of Flaming Death {sticky flame, rF++
                  | rC- MR+}
  2271 | D:4      | Reached XP level 7. HP: 66/75 MP: 9/9
  2293 | D:4      | Reached **** piety under Cheibriados
  2391 | D:4      | Found a staircase to the Ecumenical Temple.
  2450 | D:4      | Reached skill level 5 in Dodging
  2779 | D:5      | Entered Level 5 of the Dungeon
  2800 | D:5      | Found a sand-covered staircase.
  2807 | Ossuary  | Entered an ossuary
  2961 | Ossuary  | Reached skill level 5 in Invocations
  2963 | Ossuary  | Reached ***** piety under Cheibriados
  3041 | Ossuary  | Reached XP level 8. HP: 84/84 MP: 10/12
  3102 | D:5      | Found a runed translucent door.
  3114 | D:5      | Noticed Burana's ghost (novice VSRg)
  3140 | D:5      | Killed Burana's ghost
  3144 | D:5      | Found a runed translucent door.
  3195 | D:5      | Reached skill level 5 in Shields
  3268 | D:5      | Found a shadowy altar of Dithmenos.
  3334 | D:5      | Noticed Sigmund
  3349 | D:5      | Killed Sigmund
  3363 | D:5      | Reached XP level 9. HP: 58/91 MP: 13/13
  3509 | D:5      | Got a bound granite ring
  3720 | D:6      | Noticed Pikel
  3729 | D:5      | Killed Pikel
  3730 | D:5      | Reached skill level 5 in Fighting
  3730 | D:5      | Reached skill level 5 in Maces & Flails
  3993 | D:6      | Found a shattered altar of Ashenzari.
  4007 | D:6      | Noticed a two-headed ogre
  4020 | D:6      | Killed a two-headed ogre
  4021 | D:6      | Reached skill level 7 in Fighting
  4052 | D:6      | Identified the ring "Meistriqa" {+Fly AC+2 Str+3 Dex+5}
                  | (You found it on level 5 of the Dungeon)
  4593 | D:7      | Reached XP level 10. HP: 47/110 MP: 10/14
  4738 | D:7      | Found a staircase to the Lair.
  4751 | Lair:1   | Entered Level 1 of the Lair of Beasts
  4800 | Lair:1   | Reached skill level 8 in Fighting
  5036 | Lair:1   | Noticed a cane toad
  5042 | Lair:1   | Killed a cane toad
  5109 | Lair:1   | Noticed Sonja
  5112 | Lair:1   | Noticed a black mamba
  5121 | Lair:1   | Killed a black mamba
  5122 | Lair:1   | Reached skill level 9 in Fighting
  5132 | Lair:1   | Killed Sonja
  5133 | Lair:1   | Reached skill level 10 in Maces & Flails
  5589 | Lair:2   | Got an ebony spear
  5647 | Lair:2   | Noticed a six-headed hydra
  5647 | Lair:2   | Noticed a five-headed hydra
  5727 | Lair:2   | Reached skill level 10 in Fighting
  5764 | Lair:2   | Noticed a cane toad
  5767 | Lair:2   | Killed a cane toad
  5936 | Lair:2   | Noticed a black mamba
  5945 | Lair:2   | Killed a black mamba
  5994 | Lair:2   | Noticed a cane toad
  6002 | Lair:2   | Killed a cane toad
  6441 | Lair:3   | Reached XP level 11. HP: 115/126 MP: 15/15
  7533 | Lair:4   | Found a staircase to the Shoals.
  7757 | Lair:4   | Reached ****** piety under Cheibriados
  8033 | Lair:4   | Found a runed translucent door.
  8033 | Lair:4   | Noticed Vufrucs's ghost (journeyman DrTm)
  8061 | Lair:4   | Killed Vufrucs's ghost
  8371 | Lair:5   | Noticed a death yak
  8375 | Lair:5   | Noticed a death yak
  8377 | Lair:5   | Noticed a death yak
  8388 | Lair:5   | Killed a death yak
  8395 | Lair:5   | Killed a death yak
  8396 | Lair:5   | Reached XP level 12. HP: 115/135 MP: 16/16
  8404 | Lair:5   | Killed a death yak
  8467 | Lair:5   | Reached skill level 10 in Dodging
  8517 | Lair:5   | Noticed a seven-headed hydra
  8527 | Lair:5   | Killed a seven-headed hydra
  8537 | Lair:5   | Reached skill level 10 in Shields
  8583 | Lair:5   | Noticed a six-headed hydra
  8598 | Lair:5   | Killed a six-headed hydra
  8725 | Lair:5   | Noticed a seven-headed hydra
  8734 | Lair:5   | Killed a seven-headed hydra
  9078 | Lair:5   | Found a staircase to the Elven Halls.
  9293 | Lair:5   | Noticed a seven-headed hydra
  9302 | Lair:5   | Killed a seven-headed hydra
  9512 | Lair:6   | Entered Level 6 of the Lair of Beasts
  9588 | Lair:6   | Noticed a death yak
  9588 | Lair:6   | Noticed a death yak
  9589 | Lair:6   | Noticed a death yak
  9589 | Lair:6   | Noticed a death yak
  9589 | Lair:6   | Noticed a death yak
  9590 | Lair:6   | Noticed a death yak
  9600 | Lair:6   | Killed a death yak
  9606 | Lair:6   | Killed a death yak
  9620 | Lair:6   | Killed a death yak
  9646 | Lair:6   | Killed a death yak
  9647 | Lair:6   | Reached XP level 13. HP: 56/144 MP: 15/17
  9968 | Lair:6   | Reached skill level 11 in Fighting
 10083 | Lair:6   | Found a runed door.
 10337 | Lair:6   | Reached skill level 12 in Fighting
 10615 | Lair:6   | Reached skill level 13 in Fighting
 10996 | Lair:6   | Reached skill level 14 in Fighting
 11727 | D:7      | Found an ancient bone altar of Kikubaaqudgha.
 11834 | D:7      | Noticed Dowan
 11839 | D:7      | Killed Dowan
 11840 | D:7      | Noticed Duvessa
 11851 | D:7      | Killed Duvessa
 11995 | D:7      | Found a runed door.
 12383 | D:8      | Found a hazy altar of Hepliaklqana.
 12477 | D:8      | Found the +2 ratskin cloak {+Rats rN+}
 12630 | D:8      | Reached XP level 14. HP: 164/169 MP: 18/18
 12646 | D:8      | Noticed Joseph
 12660 | D:8      | Killed Joseph
 12826 | D:8      | Found a shimmering blue altar of Sif Muna.
 12831 | D:8      | Found a transporter.
 12843 | D:8      | Found a transporter.
 13121 | D:9      | Found a bloodstained altar of Trog.
 13158 | D:9      | Found a transporter.
 13163 | D:9      | Noticed yrara's ghost (novice DsFi)
 13181 | D:9      | Found a transporter.
 13255 | D:9      | Killed yrara's ghost
 13267 | D:9      | Reached skill level 15 in Fighting
 13321 | D:9      | Identified the +3 spear "Fesmimiu" {freeze, Int+5 Stlth+}
                  | (You found it on level 2 of the Lair of Beasts)
 13748 | D:9      | Noticed Psyche
 13766 | D:9      | Killed Psyche
 13950 | D:10     | Entered Level 10 of the Dungeon
 14004 | D:10     | Identified the Compendium of Dhcmrlchtdj
 14011 | D:10     | Identified Bybyreub's Almanac of Axaxaxas mlö
 14045 | D:10     | Identified the Compendium of Combed Thunderclap
 14339 | D:10     | Reached skill level 10 in Invocations
 14347 | D:10     | Reached skill level 1 in Evocations
 14393 | D:10     | Found a staircase to the Orcish Mines.
 14533 | D:11     | Noticed Urug
 14544 | D:11     | Killed Urug
 14562 | D:11     | Noticed Kirke
 14590 | D:11     | Killed Kirke
 14605 | D:11     | Found a gate to the Vaults.
 14683 | D:11     | Noticed Harold
 14714 | D:11     | Paralysed by Harold for 4 turns
 14723 | D:11     | Paralysed by Harold for 2 turns
 14727 | D:11     | Reached skill level 5 in Evocations
 14760 | D:11     | Killed Harold
 14937 | D:11     | Got an ancient great sword
 14938 | D:11     | Identified the +7 great sword of the Final Decision {flame,
                  | rN++} (You found it on level 11 of the Dungeon)
 15138 | D:11     | Got a vibrating lapis lazuli ring
 15202 | D:11     | Noticed Maurice
 15223 | D:11     | Killed Maurice
 15227 | D:11     | Identified the ring of Xeteir {Ice rN+ Dex-3 SInv} (You
                  | found it on level 11 of the Dungeon)
 15360 | D:12     | Entered Level 12 of the Dungeon
 15386 | D:12     | Found Hucomnuck's Distillery.
 15410 | D:12     | Bought a potion of curing for 27 gold pieces
 15410 | D:12     | Bought a potion of heal wounds for 55 gold pieces
 15410 | D:12     | Bought a potion of curing for 27 gold pieces
 15410 | D:12     | Bought a potion of curing for 27 gold pieces
 15410 | D:12     | Bought a potion of curing for 27 gold pieces
 15990 | D:12     | Reached XP level 15. HP: 180/180 MP: 22/22
 16256 | D:12     | Found a staircase to the Depths.
 16638 | Orc      | Entered the Orcish Mines
 16713 | Orc      | Noticed Donald
 16733 | Orc      | Killed Donald
 16834 | Orc      | Noticed Josephine
 16845 | Orc      | Killed Josephine
 17123 | Orc      | Found a roughly hewn altar of Beogh.
 17229 | Orc      | Found Rapsoles's Gadget Shoppe.
 17229 | Orc      | Found Dailu's Antique Weapon Boutique.
 17259 | Orc      | Found Avestiyng's Weapon Shoppe.
 17437 | Orc      | Found a staircase to the Slime Pits.
 17439 | Orc      | Found a viscous altar of Jiyva.
 17565 | Orc      | Found Gaisuyto's Weapon Shoppe.
 17593 | Orc      | Found Gyrphiw's Food Boutique.
 18255 | Lair:2   | Found a staircase to the Swamp.
 18327 | Swamp:1  | Entered Level 1 of the Swamp
 19369 | Swamp:2  | Noticed a thorn hunter
 19381 | Swamp:1  | Noticed a thorn hunter
 19507 | Swamp:2  | Noticed a tentacled monstrosity
 19596 | Swamp:2  | Killed a tentacled monstrosity
 20100 | Swamp:3  | Entered Level 3 of the Swamp
 20220 | Swamp:3  | Noticed a thorn hunter
 20225 | Swamp:2  | Reached XP level 16. HP: 190/190 MP: 23/23
 20309 | Swamp:3  | Killed a thorn hunter
 20431 | Swamp:3  | Noticed Roxanne
 20470 | Swamp:3  | Killed Roxanne
 20471 | Swamp:3  | Identified Roxanne's Tome of the Rocks (You took it off
                  | Roxanne on level 3 of the Swamp)
 20555 | Swamp:3  | Noticed a bone dragon
 20580 | Swamp:3  | Killed a bone dragon
 20735 | Swamp:3  | Reached skill level 15 in Maces & Flails
 20821 | Swamp:3  | Noticed a ghoul
 20837 | Swamp:3  | Killed a ghoul
 21203 | Swamp:3  | Noticed a thorn hunter
 21205 | Swamp:3  | Noticed a thorn hunter
 21210 | Swamp:3  | Found a blossoming altar of Fedhas.
 21394 | Swamp:3  | Found a basalt altar of Yredelemnul.
 21413 | Swamp:3  | Got a decaying rune of Zot
 21819 | Vaults:1 | Entered Level 1 of the Vaults
 22182 | Vaults:1 | Reached XP level 17. HP: 176/198 MP: 24/24
 22914 | Vaults:1 | Reached skill level 15 in Dodging
 23170 | Vaults:1 | Reached skill level 15 in Shields
 23261 | Vaults:1 | Found Suinna's Assorted Antiques.
 23269 | Vaults:1 | Bought a scroll of teleportation for 135 gold pieces
 23269 | Vaults:1 | Bought a potion of agility for 180 gold pieces
 24293 | Vaults:2 | Reached skill level 16 in Fighting
 24295 | Vaults:2 | Reached XP level 18. HP: 211/211 MP: 25/25
 24450 | Vaults:2 | Found Weybraneo's Armour Shoppe.
 24620 | Vaults:2 | Found a staircase to the Crypt.
 24811 | Vaults:2 | Found a runed translucent door.
 24855 | Vaults:2 | Reached skill level 17 in Fighting
 25247 | Vaults:2 | Noticed Margery
 25577 | Vaults:2 | Killed Margery
 25627 | Vaults:2 | Noticed yrara's ghost (adept DsFi)
 25760 | Vaults:2 | Mangled by yrara's ghost

Skill      XL: |  1  2  3  4  5  6  7  8  9 10 11 12 13 14 15 16 17 18 |
---------------+-------------------------------------------------------+-----
Stealth        | 4 |  4.0
Shields        | 2 6 9 10 12 13 15 | 15.0
Maces & Flails | 3 4 8 10 13 14 16 | 16.0
Fighting       | 3 4 7 10 14 15 16 17 | 17.8
Dodging        | 1 3 4 5 6 9 10 12 14 15 | 15.0
Invocations    | 3 5 6 10 | 10.0
Evocations     | 5 |  5.0
Spellcasting   | |  1.2
Hexes          | |  2.0

Action                   |  1- 3 |  4- 6 |  7- 9 | 10-12 | 13-15 | 16-18 || total
-------------------------+-------+-------+-------+-------+-------+-------++-------
Melee: Mace              |    95 |    53 |       |       |       |       ||   148
       Flail             |       |    84 |   286 |   454 |  1601 |       ||  2425
       Morningstar       |       |       |       |       |    91 |  1107 ||  1198
Throw: Javelin           |       |    22 |     6 |    32 |    65 |    62 ||   187
 Cast: Slow              |     1 |     1 |       |       |       |       ||     2
Invok: Bend Time         |     1 |       |     6 |    15 |     7 |    12 ||    41
       Temporal Distorti |       |       |       |     1 |       |       ||     1
       Step From Time    |       |       |       |       |     2 |     3 ||     5
       Defer             |       |       |       |       |     1 |     5 ||     6
 Abil: Passwall          |       |     2 |       |       |     4 |     1 ||     7
       Evoke Flight      |       |       |       |       |     1 |       ||     1
Evoke: Wand              |       |       |       |       |       |     8 ||     8
       Sack of spiders   |       |       |       |       |       |     2 ||     2
       Lamp of fire      |       |       |       |       |       |     1 ||     1
       Phial of floods   |       |       |       |       |       |     1 ||     1
  Use: Scroll            |       |     7 |     2 |     4 |    17 |     5 ||    35
       Potion            |       |       |       |     4 |     9 |     2 ||    15
 Stab: Sleeping          |     2 |     3 |     9 |     6 |    28 |     3 ||    51
       Distracted        |       |     1 |       |       |     5 |     5 ||    11
       Confused          |       |       |       |       |     3 |     1 ||     4
       Held in net/web   |       |       |       |       |       |     1 ||     1
  Eat: Chunk             |     2 |    10 |    11 |    21 |    54 |    21 ||   119
       Ration            |       |       |     1 |     1 |     3 |     4 ||     9
Armor: Skin              |    66 |   134 |   147 |   212 |   756 |   517 ||  1832
Dodge: Dodged            |    35 |    68 |   125 |   457 |  1673 |  1195 ||  3553
Block: Medium shield     |    50 |   122 |   261 |   666 |  2325 |  1270 ||  4694
       Reflection        |       |       |     4 |     5 |    30 |    73 ||   112
